 Dungeon Crawl Stone Soup version 0.30.0-20-g3615ddf2f0 (webtiles) character file.

Game seed: 9900672723019989575

131 qw the Chopper (level 5, -4/32 HPs)
             Began as a Gargoyle Fighter on May 28, 2023.
             Slain by a kobold brigand
             ... wielding a +0 whip
              (8 damage)
             ... in a sewer.
             The game lasted 00:01:16 (1727 turns).

qw the Chopper (Gargoyle Fighter)                   Turns: 1727, Time: 00:01:16

Health: -4/32      AC: 13    Str: 21    XL:     5   Next: 14%
Magic:  5/5        EV:  7    Int:  9    God:
Gold:   104        SH:  4    Dex:  9    Spells: 4/4 levels left

rFire   . . .        Y - +0 war axe
rCold   . . .        c - +0 buckler
rNeg    + . .        i - +0 chain mail
rPois   inf          (no helmet)
rElec   +            (no cloak)
rCorr   .            (no gloves)
SInv    .            (no boots)
Will    .....        (no amulet) Stlth
                     (no ring)
HPRegen 0.25/turn    (no ring)
MPRegen 0.09/turn

%: no passive effects
@: about to teleport
A: sickness immunity, AC +4, negative energy resistance 1, electricity
resistance, torment resistance 1, petrification resistance
a: no special abilities


You were in a sewer.
You visited 1 branch of the dungeon, and saw 3 of its levels.
You also visited: Sewer.

You collected 104 gold pieces.


Innate Abilities, Weirdness & Mutations

You are immune to sickness and miasma.
Your stone body is resilient. (AC +4)
You are immune to poison.
You resist negative energy. (rN+)
You are resistant to electric shocks. (rElec)
You are resistant to unholy torment.
You are immune to petrification.


   Skills:
 - Level 3.2 Fighting
 + Level 4.7 Axes
 - Level 3.2 Armour
 - Level 3.2 Shields


You had 4 spell levels left.
You didn't know any spells.
Your spell library was empty.

Inventory:

Hand Weapons
 k - a +0 flail
 Y - a +0 war axe (weapon)
Armour
 c - a +0 buckler (worn)
 i - a +0 chain mail (worn)
 m - a +0 ring mail of fire resistance
Jewellery
 o - a ring of ice
Potions
 a - a potion of experience {unknown}
 b - a potion of resistance {unknown}
 d - a potion of might
 e - a potion of flight {unknown}
 f - 2 potions of haste {unknown}
 g - 2 potions of attraction {unknown}
 j - a potion of heal wounds {unknown}
 l - a potion of berserk rage {unknown}

Dungeon Overview and Level Annotations

Branches:
Dungeon (3/15)              Sewer (1/1)

Altars:


Message History

The kobold attacks as you move away! You block the kobold's attack.
The kobold brigand hits you but does no damage.
The kobold brigand hits you with a +0 whip.
You closely miss the kobold brigand.
The kobold brigand is moderately wounded.
You hit the kobold.
You kill the kobold!
You hear a splash.
You closely miss the kobold.
The kobold brigand hits you with a +0 whip!
You closely miss the kobold brigand.
The kobold brigand is moderately wounded.
You slash the kobold!
You kill the kobold!
You hear a splash.
The kobold brigand barely misses you.
You barely miss the kobold brigand.
The kobold brigand is moderately wounded.
The kobold brigand hits you with a +0 whip.
You barely miss the kobold brigand.
The kobold brigand is moderately wounded.
The kobold brigand hits you with a +0 whip. x2
You hit the kobold brigand but do no damage.
The kobold brigand is moderately wounded.
The kobold brigand hits you with a +0 whip.
You slash the kobold brigand!
The kobold brigand is severely wounded.
The kobold brigand hits you but does no damage.
You hit the kobold brigand but do no damage.
The kobold brigand is severely wounded.
The kobold brigand hits you with a +0 whip.
You hit the kobold brigand.
The kobold brigand is almost dead.
The kobold brigand hits you with a +0 whip.
The kobold brigand hits you with a +0 whip!
1727 ||| READING scroll of teleportation.
As you read the scroll of teleportation, it crumbles to dust.
You feel strangely unstable.
The kobold brigand hits you with a +0 whip!
You die...

##### ##### ##~~.## ##~.~##
..#####)....#####....~#
.!~....K@...~~~~~....~#
.#####)~...#####~....#
##...## ##~~.## ##~## ##~##
#~# #~# #~# #~# ##### ##~##
##%## ##...## ##~..##
##~..##
#.....####~~...#####~..~.###


You could see a kobold brigand.

Vanquished Creatures
  4 adders
  3 river rats (Sewer)
  A worm (D:2)
  11 ball pythons
  2 bats (D:1)
  5 endoplasms
  3 giant cockroaches (D:3)
  6 goblins
  4 hobgoblins (D:1)
  4 jackals (D:1)
  A quokka (D:1)
  5 frilled lizards
  8 kobolds
  6 rats
63 creatures vanquished.

Notes
Turn   | Place    | Note
-------+----------+-------------------------------------------
     0 | D:1      | qw the Gargoyle Fighter began the quest for the Orb.
     0 | D:1      | Reached XP level 1. HP: 14/14 MP: 1/1
     0 | D:1      | 0 ||| qw: Version: 0.2-a-100-g4e38944
     0 | D:1      | 0 ||| qw: Game counter: 212
     0 | D:1      | 0 ||| qw: Always use a shield: true
     0 | D:1      | 0 ||| qw: God list: Okawaru
     0 | D:1      | 0 ||| qw: Allow faded altars: false
     0 | D:1      | 0 ||| qw: Do Orc after D:15 true
     0 | D:1      | 0 ||| qw: Do second Lair branch before Depths: true
     0 | D:1      | 0 ||| qw: Lair rune preference: random
     0 | D:1      | 0 ||| qw: Plans: Normal, Zot:1-4, God:TSO, Crypt, Tomb,
                  | Pan, Slime:5, Hells, Abyss, Win
     0 | D:1      | 0 ||| PLANNING D:1-11
    37 | D:1      | Reached skill level 2 in Axes
   115 | D:1      | Reached XP level 2. HP: 19/19 MP: 2/2
   300 | D:1      | 300 ||| Stepping ~*~*~tactically~*~*~ (stealth).
   351 | D:1      | Reached skill level 3 in Axes
   387 | D:1      | Reached XP level 3. HP: 23/23 MP: 3/3
   409 | D:1      | 409 ||| DROPPING +0 club.
   876 | D:1      | 876 ||| UPGRADING to +0 chain mail.
   886 | D:1      | 886 ||| DROPPING +0 scale mail.
   887 | D:1      | 887 ||| READING scroll labelled KOAROL TUR.
   888 | D:1      | 888 ||| READING 3 scrolls labelled XARCHU DEEPAERCH.
   889 | D:1      | 889 ||| READING 2 scrolls labelled LEDAQA CACWA.
   894 | D:1      | 894 ||| READING scroll labelled GECWOV ISADAS.
   895 | D:1      | 895 ||| READING scroll labelled ECZUIQ PISUCU.
   896 | D:1      | 896 ||| DRINKING 2 fizzy emerald potions.
   897 | D:1      | 897 ||| DROPPING potion of brilliance.
   898 | D:1      | 898 ||| DROPPING 2 scrolls of vulnerability.
  1018 | D:2      | Reached XP level 4. HP: 28/28 MP: 4/4
  1116 | D:2      | Reached skill level 4 in Axes
  1392 | D:2      | 1392 ||| DROPPING ring of flight.
  1393 | D:2      | 1393 ||| READING scroll labelled ZUINLY HIOTEXT.
  1408 | D:3      | 1408 ||| PLANNING SEWER
  1415 | D:3      | Found a glowing drain.
  1416 | D:3      | 1416 ||| Stepping randomly (stuck).
  1432 | Sewer    | Entered a sewer
  1435 | Sewer    | 1435 ||| Stepping ~*~*~tactically~*~*~ (stealth).
  1445 | Sewer    | 1445 ||| Stepping ~*~*~tactically~*~*~ (stealth).
  1446 | Sewer    | 1446 ||| Stepping ~*~*~tactically~*~*~ (stealth).
  1496 | Sewer    | 1496 ||| Stepping ~*~*~tactically~*~*~ (hiding).
  1634 | Sewer    | Reached XP level 5. HP: 27/32 MP: 5/5
  1709 | Sewer    | Noticed a kobold brigand
  1709 | Sewer    | 1709 ||| Stepping ~*~*~tactically~*~*~ (stealth).
  1711 | Sewer    | 1711 ||| Stepping ~*~*~tactically~*~*~ (hiding).
  1718 | Sewer    | 1718 ||| Stepping ~*~*~tactically~*~*~ (water).
  1726 | Sewer    | HP: 4/32 [kobold brigand/+0 whip (7)]
  1727 | Sewer    | 1727 ||| READING scroll of teleportation.
  1727 | Sewer    | Slain by a kobold brigand

Levels and vault maps discovered:
D:1:      tekkud_arrival_beachfront_property, layout_loops_ring,
          minmay_close_crescents
D:2:      layout_rooms, minmay_misc_feat_roman
D:3:      layout_loops_ring, gup_sewer_entry_glass, minmay_misc_feat_diagonals,
          uniq_jessica
Sewer:    sewer_co_15_rooms

Skill      XL: |  1  2  3  4 |
---------------+-------------+-----
Axes           | 2 3 4 |  4.7
Fighting       | |  3.2
Armour         | |  3.2
Shields        | |  3.2

Action                     |  1- 3 |  4- 6 || total
---------------------------+-------+-------++-------
  Melee: War axe           |   111 |    97 ||   208
    Use: Scroll            |     5 |     2 ||     7
         Potion            |     1 |       ||     1
 Armour: Scale mail        |    42 |       ||    42
         Chain mail        |    13 |    48 ||    61
  Dodge: Dodged            |    45 |    29 ||    74
  Block: Buckler           |    19 |    18 ||    37

Table legend:
 A = Non-vault XP
 B = Vault XP
 C = Vault XP percentage of total XP
 D = Non-vault monster count
 E = Vault monster count
 F = Vault count percentage of total count
                 A         B        C        D         E       F
            +---------+---------+-------+---------+---------+-------
      Total |     109 |      79 |  42.0 |      42 |      21 |  33.3
            +---------+---------+-------+---------+---------+-------
        D:1 |      54 |       5 |   8.5 |      31 |       3 |   8.8
        D:2 |      55 |       0 |   0.0 |      11 |       0 |   0.0
        D:3 |       0 |       6 | 100.0 |       0 |       3 | 100.0
      Sewer |       0 |      68 | 100.0 |       0 |      15 | 100.0
            +---------+---------+-------+---------+---------+-------
